 Dungeon Crawl Stone Soup version 0.21-a0-426-g98080a9 (webtiles) character file.

201 theanonym the Magician (level 5, 0/35 HPs)
             Began as a Mummy Summoner on Nov 7, 2017.
             Shot with an arrow by a centaur (3 damage)
             ... on level 5 of the Dungeon.
             The game lasted 00:11:36 (6673 turns).

theanonym the Magician (Mummy Summoner)             Turns: 6673, Time: 00:11:37

Health: 0/35       AC:  4    Str: 11    XL:     5   Next: 50%
Magic:  7/12       EV: 12    Int: 16    God:
Gold:   134        SH:  0    Dex: 12    Spells: 7/14 levels left

rFire    x . .     SeeInvis .   p - +0 dagger (vamp)
rCold    + . .     Gourm    .   (no shield)
rNeg     + + +     Faith    .   a - +0 robe
rPois    ∞         Spirit   .   g - +0 helmet
rElec    .         Reflect  .   (no cloak)
rCorr    .         Harm     .   c - +0 pair of gloves
MR       .....                  (no boots)
Stlth    ++........             (no amulet)
HPRegen  0.11/turn              (no ring)
MPRegen  0.13/turn              (no ring)

@: very slightly contaminated
A: no food or potions, fire vulnerability, cold resistance 1, negative energy
resistance 3, torment resistance, unbreathing
a: no special abilities


Innate Abilities, Weirdness & Mutations

You do not eat or drink.
Your flesh is vulnerable to fire.
You are immune to poison.
Your flesh is cold resistant. (rC+)
You are immune to negative energy. (rN+++)
You are immune to unholy pain and torment.
You can survive without breathing.


   Skills:
 - Level 1.5 Dodging
 - Level 1.5 Stealth
 + Level 5.0 Spellcasting
 + Level 4.4 Summonings
 * Level 1.4 Ice Magic


You had 7 spell levels left.
You knew the following spells:

 Your Spells              Type           Power        Failure   Level  Hunger
a - Summon Small Mammal   Summ           ###.         2%          1    N/A
b - Call Imp              Summ           ###.....     3%          2    N/A
c - Summon Ice Beast      Ice/Summ       ##......     41%         4    N/A

Skill      XL: |  1  2  3  4  5 |
---------------+----------------+-----
Spellcasting   | 3 4 5 |  5.0
Summonings     | 4 |  4.4
Ice Magic      | 1 |  1.4
Dodging        | |  1.5
Stealth        | |  1.5

Action                   |  1- 3 |  4- 6 || total
-------------------------+-------+-------++-------
Melee: Unarmed           |    24 |       ||    24
       Club              |    44 |       ||    44
       Dagger            |    55 |   168 ||   223
 Cast: Summon Small Mamm |    18 |       ||    18
       Call Imp          |    23 |    35 ||    58
  Use: Scroll            |       |     9 ||     9
 Stab: Sleeping          |     3 |     3 ||     6
Armor: Robe              |    34 |    46 ||    80
Dodge: Dodged            |   133 |   135 ||   268

Inventory:

Hand Weapons
 p - a +0 vampiric dagger (weapon)
   (You found it on level 4 of the Dungeon)
Armour
 a - a +0 robe (worn)
 c - a +0 pair of gloves (worn)
   (You found it on level 2 of the Dungeon)
 g - a +0 helmet (worn)
   (You found it on level 2 of the Dungeon)
Wands
 d - a wand of flame (40/48)
   (You found it on level 4 of the Dungeon)
 m - a wand of paralysis (10/24)
   (You found it on level 3 of the Dungeon)
Scrolls
 e - a scroll of remove curse
 f - 4 scrolls of teleportation {!r}
 j - a scroll of immolation
 k - a scroll of random uselessness
 n - 3 scrolls of fear {!r}
 r - a scroll of identify
Books
 b - a book of Callings

   Spells                             Type                      Level
   a - Summon Small Mammal            Summoning                    1
   b - Call Imp                       Summoning                    2
   c - Call Canine Familiar           Summoning                    3
   d - Summon Guardian Golem          Hexes/Summoning              3
   e - Summon Lightning Spire         Summoning/Air                4
   f - Summon Ice Beast               Ice/Summoning                4

Dungeon Overview and Level Annotations

Branches:
Dungeon (5/15)
 Temple: D:4-7

Altars:
Elyvilon
Fedhas
Vehumet

Annotations:
D:2 Sigmund
D:4 exclusion: sky beast
D:5 exclusion: orc priest


You were on level 5 of the Dungeon.
You were not hungry.

You visited 1 branch of the dungeon, and saw 5 of its levels.

You collected 134 gold pieces.


Message History

You hit the orc.
You feel better. The orc barely misses you.
Health restored: 35 You hit the orc.
The orc closely misses you.
You hit the orc.
You kill the orc!
No target in view!
No target in view!
There is an open door here.
You see here an enchanted dagger.
You see here an adder skeleton.
r - 3 scrolls of identify (gained 1) Key pressed, stopping explore.
Found a stone staircase leading up.
There is a stone staircase leading up here.
There is a stone staircase leading up here.
You see here a hand crossbow.
There is an open door here.
There is a stone staircase leading down here.
You see here an enchanted dagger.
There is an open door here.
Key pressed, stopping explore.
d - a wand of flame (?/48) Partly explored, can't reach some places.
Partly explored, can't reach some places.
Partly explored, can't reach some places.
There is an open door here.
You see here an enchanted dagger.
There is a stone staircase leading down here.
You climb downwards.
Found a scroll of identify.
Found a stone staircase leading down.
There is a stone staircase leading up here.
r - 4 scrolls of identify (gained 1)
An orc and an orc priest come into view.
Found a glowing flail.
Unknown command.
Unknown command.
Found a stone staircase leading up.
Found a stone staircase leading down.
Found 13 stones.
r - 5 scrolls of identify (gained 1)
You see here 13 stones.
Found a fuming dark potion.
As you read the scroll of identify, it crumbles to dust.
n - 3 scrolls of fear
As you read the scroll of identify, it crumbles to dust.
k - a scroll of random uselessness
As you read the scroll of identify, it crumbles to dust.
j - a scroll of immolation
As you read the scroll of identify, it crumbles to dust.
o - a scroll of blinking A shadow imp comes into view.
The shadow imp shouts!
You hear a shout!
A shadow imp is nearby!
A shadow imp is nearby!
A shadow imp is nearby!
The shadow imp summons a swarm of flies.
A centaur comes into view.
The centaur shouts!
The shadow imp barely misses you.
You hit the shadow imp. The shadow imp hits you.
You take 4 damage, and have 31/35 hp.
You closely miss the shadow imp. The shadow imp misses you.
You closely miss the shadow imp. The shadow imp barely misses you.
You hit the shadow imp but do no damage.
The centaur hits you.
The shadow imp hits you but does no damage.
You take 4 damage, and have 27/35 hp.
A beastly little devil appears in a puff of flame.
The centaur hits you. The shadow imp hits you. The centaur hits you.
You take 9 damage, and have 18/35 hp.
MASSIVE DAMAGE!!
You now have 10/12 mp.
A beastly little devil appears in a puff of flame.
The centaur hits you but does no damage.
The shadow imp hits you.
* * * LOW HITPOINT WARNING * * *
You take 2 damage, and have 16/35 hp.
You now have 8/12 mp.
A beastly little devil appears in a puff of flame.
The centaur hits you.
* * * LOW HITPOINT WARNING * * *
The shadow imp hits you.
* * * LOW HITPOINT WARNING * * *
The centaur hits you but does no damage.
Your crimson imp barely misses the shadow imp.
You take 7 damage, and have 9/35 hp.
You now have 6/12 mp.
Your crimson imp blinks!
The centaur wields a shortbow.
The centaur shoots an arrow.
The arrow hits you!
* * * LOW HITPOINT WARNING * * *
The shadow imp hits your crimson imp.
Your crimson imp hits the shadow imp but does no damage.
You see here an arrow.
You take 8 damage, and have 1/35 hp.
MASSIVE DAMAGE!!
Blink to where?
You are very lightly contaminated with residual magic.
As you read the scroll of blinking, it crumbles to dust.
Something closely misses your crimson imp.
Something completely misses your crimson imp.
Something hits your crimson imp!
Your crimson imp dies!
A beastly little devil appears in a puff of frigid air.
The centaur wields a shortbow.
The centaur shoots an arrow.
The arrow hits you.
You die...

#...## #....## #.....##
#......## ##.....c## #.......###
### #.......c.## ### #.## #
#...........####.########..####
#..##..........@.....(..........
... ##.....###....######........
.. #....###.5...# #.....###
#...###......# #......## #...
#......# ##..>...## ##..
#.......# #.......## # #.......#
#........# #.......# ##.......##
#.......# #........##


You could see a centaur and a friendly white imp.

Notes
Turn   | Place    | Note
-------+----------+-------------------------------------------
     0 | D:1      | theanonym the Mummy Summoner began the quest for the Orb.
     0 | D:1      | Reached XP level 1. HP: 13/13 MP: 4/4
   107 | D:1      | Reached skill level 3 in Spellcasting
   209 | D:1      | Reached XP level 2. HP: 16/19 MP: 3/6
   279 | D:1      | HP: 9/19 [hobgoblin (3)]
   304 | D:1      | HP: 9/19 [hobgoblin (1)]
   306 | D:1      | HP: 4/19 [hobgoblin (5)]
   316 | D:1      | Learned a level 2 spell: Call Imp
   583 | D:1      | HP: 8/19 [kobold (3)]
  1429 | D:2      | HP: 9/19 [adder (5)]
  1429 | D:2      | HP: 4/19 [adder (5)]
  1683 | D:2      | Found a radiant altar of Vehumet.
  1770 | D:2      | HP: 7/19 [adder (4)]
  1774 | D:2      | Reached XP level 3. HP: 9/24 MP: 4/8
  1980 | D:2      | Found a white marble altar of Elyvilon.
  2177 | D:2      | Noticed Natasha
  2201 | D:2      | Killed Natasha
  2201 | D:2      | Reached skill level 4 in Spellcasting
  2352 | D:2      | Noticed Sigmund
  2509 | D:2      | Noticed Natasha
  2526 | D:2      | HP: 8/24 [iron imp[Natasha] (8)]
  2536 | D:2      | HP: 5/24 [white imp/puff of frost[Natasha] (4)]
  2938 | D:2      | Killed Natasha
  2938 | D:2      | Reached skill level 4 in Summonings
  2938 | D:2      | Reached XP level 4. HP: 24/30 MP: 1/10
  3080 | D:2      | HP: 15/30 [adder (3)]
  3083 | D:2      | HP: 7/30 [adder (1)]
  3202 | D:2      | Noticed Natasha
  3339 | D:2      | Noticed Robin
  3363 | D:2      | Killed Robin
  3603 | D:2      | Killed Natasha
  4034 | D:3      | Learned a level 4 spell: Summon Ice Beast
  5222 | D:4      | Noticed a sky beast
  5430 | D:4      | Reached skill level 1 in Ice Magic
  5430 | D:4      | Reached XP level 5. HP: 21/35 MP: 9/12
  5788 | D:4      | HP: 12/35 [something/magic dart (8)]
  5810 | D:4      | HP: 9/35 [orc wizard/magic dart (6)]
  5849 | D:4      | Reached skill level 5 in Spellcasting
  6035 | D:4      | Found a blossoming altar of Fedhas.
  6562 | D:5      | Entered Level 5 of the Dungeon
  6646 | D:5      | Noticed a centaur
  6652 | D:5      | HP: 16/35 [shadow imp (2)]
  6654 | D:5      | HP: 1/35 [centaur/arrow (9)]
  6673 | D:5      | Shot with an arrow by a centaur

Vanquished Creatures
  Natasha (D:2)
  3 adders
  A dart slug (D:4)
  3 orcs (D:4)
  2 ball pythons
  8 giant cockroaches
  A goblin (D:2)
  2 hobgoblins (D:3)
  2 quokkas
  3 bats
  3 frilled lizards (D:2)
  A kobold (D:1)
  4 rats (D:2)
34 creatures vanquished.

Vanquished Creatures (collateral kills)
  A hound (D:4)
  Natasha (twice) (D:2)
  An orc wizard (D:4)
  Robin (D:2)
  4 adders
  A worm (D:2)
  A dart slug (D:1)
  3 leopard geckos
  3 orcs (D:4)
  2 bats (D:1)
  A giant cockroach (D:1)
  8 goblins
  8 hobgoblins
  2 kobolds
  A frilled lizard (D:1)
  2 rats
41 creatures vanquished.

Vanquished Creatures (others)
  A leopard gecko (D:3)
  An orc (D:3)
2 creatures vanquished.

Grand Total: 77 creatures vanquished
